Map: Eternal Empire LE

Players

Serral - Winner!

  • Race: Zerg Zerg
  • League: Grandmaster
  • Spawn Location: 7:00

Reynor

  • Race: Zerg Zerg
  • League: Master
  • Spawn Location: 1:00

Event: DreamHack SC2 Masters 2020 Fall

VOD

Have the link to the VOD?

Description

Time

  • Played on: Sept. 11, 2020, 2:46 p.m.
  • Length: 3:14

All games in this series

Show
View Real Time Build Order
Export as new Build Order

Serral Zerg - Winner!

Build Orders: 1 Base Baneling Bust, Pool Only 

Get SALT Encoding   

  12  0:12  Extractor  
  11  0:19  Spawning Pool  
  10  0:23  Drone  
  11  0:29  Drone  
  11  0:35  Drone  
  13  0:46  Overlord  
  13  1:05  Zergling x4  
  13  1:06  Zergling x2  
  16  1:13  Metabolic Boost  
  16  1:19  Zergling x2  
  17  1:28  Zergling x2  
  18  1:34  Baneling Nest  
  17  1:40  Zergling x2  
  18  1:49  Zergling x2  
  19  2:00  Zergling x2  
  20  2:12  Zergling x2  
  21  2:18  Baneling x2  
  21  2:22  Zergling x2  
  22  2:33  Zergling x2  
  22  2:35  Baneling x2  
  22  2:48  Overlord  
Show
View Real Time Build Order
Export as new Build Order

Reynor Zerg 

Build Orders: Hatch First 

Get SALT Encoding   

  12  0:00  Drone  
  13  0:12  Overlord  
  13  0:17  Drone  
  14  0:30  Drone x2  
  16  0:48  Hatchery  
  15  0:51  Drone  
  15  0:55  Drone  
  17  0:58  Drone  
  18  1:09  Extractor  
  17  1:14  Spawning Pool  
  17  1:17  Drone  
  17  1:20  Drone  
  18  1:28  Drone  
  19  1:39  Drone  
  20  1:49  Drone  
  21  2:00  Overlord  
  21  2:01  Queen x2, Zergling x2  
  26  2:11  Zergling x4  
  28  2:22  Zergling x4  
  30  2:32  Zergling x2  
  30  2:36  Zergling x2  
  21  2:44  Zergling x2  
  21  2:45  Zergling x2  
  22  2:54  Zergling x4  

Tags
 
Add a new tag
Caveats
  • Supply blocks, unpowered buildings, or Contaminate may cause inaccurate times.
  • Supply counts are checked every 10 seconds.